 Dungeon Crawl Stone Soup version 0.25-a0-246-g58704a1ebd (webtiles) character file.

Game seed: 10769483118912295172, levelgen mode: deterministic

7112 floatRand the Demonic Disaster (level 10, -10/70 HPs)
             Began as a Demonspawn Fighter on Dec 3, 2019.
             Was a Believer of Qazlal.
             Mangled by a two-headed ogre
             ... wielding a cursed -3 giant club
              (18 damage)
             ... on level 11 of the Dungeon.
             The game lasted 00:12:57 (11419 turns).

floatRand the Demonic Disaster (DsFi)              Turns: 11419, Time: 00:12:58

Health: -10/70     AC: 13    Str: 18    XL:     10   Next: 85%
Magic:  17/20      EV:  8    Int:  9    God:    Qazlal [**....]
Gold:   437        SH: 12    Dex: 15    Spells: 9/9 levels left

rFire    . . .     SeeInvis .   i - +3 dagger (venom)
rCold    + . .     Gourm    +   c - +0 shield
rNeg     . . .     Faith    .   e - +4 ring mail
rPois    .         Spirit   .   (helmet restricted)
rElec    .         Reflect  .   s - +2 cloak
rCorr    .         Harm     .   (gloves unavailable)
MR       .....                  (no boots)
Stlth    +.........             w - amulet of the gourmand
HPRegen  0.21/turn              y - ring of wizardry
MPRegen  0.17/turn              (no ring)

@: no status effects
A: claws 3, hooves 1, horns 1, cold resistance 1, demonic guardian 1, freezing
cloud immunity
a: Upheaval, Renounce Religion


You were on level 11 of the Dungeon.
You worshipped Qazlal.
Qazlal was pleased with you.
You were completely stuffed.

You visited 2 branches of the dungeon, and saw 12 of its levels.

You collected 437 gold pieces.

Inventory:

Hand Weapons
 a - a +0 war axe
 i - a +3 dagger of venom (weapon)
 F - a +4 hand axe of freezing
Armour
 b - a +0 scale mail
 c - a +0 shield (worn)
 e - a +4 ring mail (worn)
 q - a +1 cloak
 s - a +2 cloak (worn)
Jewellery
 v - the ring "Ugeutac" {+Inv MR+ rCorr Dex+6 Slay-5}
   (You found it on level 4 of the Dungeon)

   [ring of resist corrosion]

   It affects your dexterity (+6).
   It affects your accuracy and damage with ranged weapons and melee attacks
   (-5).
   It affects your resistance to hostile enchantments.
   It lets you turn invisible.
   It provides partial protection from all sources of acid and corrosion.
 w - an amulet of the gourmand (around neck)
 y - a ring of wizardry (left claw)
 D - an uncursed amulet of faith {unknown}
 G - an uncursed ring of poison resistance {unknown}
Wands
 C - a wand of flame (22)
 E - a wand of enslavement (8)
Scrolls
 j - 2 scrolls of magic mapping
 l - 6 scrolls of remove curse
 m - 3 scrolls of teleportation
 n - 6 scrolls of identify
 p - 2 scrolls of random uselessness
 r - a scroll of amnesia
 t - 5 scrolls of enchant armour
 u - 3 scrolls of enchant weapon
Potions
 d - 2 potions of might
 g - 4 potions of curing
 h - 4 potions of heal wounds {unknown}
 k - a potion of haste
 o - 3 potions of agility {unknown}
 x - a potion of brilliance
 z - a potion of degeneration
 A - a potion of ambrosia
 B - a potion of mutation {unknown}
Comestibles
 f - 16 rations
 H - a chunk of flesh


   Skills:
 - Level 3.0 Fighting
 - Level 9.3 Axes
 - Level 7.0 Armour
 - Level 2.6 Shields
 + Level 14.2 Invocations


You had 9 spell levels left.
You didn't know any spells.
Your spell library contained the following spells:

 Spells                   Type           Power        Failure   Level  Hunger
 Animate Skeleton         Necr           N/A          75%         1    ##.....
 Apportation              Tloc           #.....       75%         1    ##.....
 Confusing Touch          Hex            #.....       75%         1    ##.....
 Freeze                   Ice            #...         75%         1    ##.....
 Summon Small Mammal      Summ           #...         75%         1    ##.....
 Ozocubu's Armour         Chrm/Ice       #.......     98%         3    ####...
 Hailstorm                Conj/Ice       #.......     100%        4    #####..
 Summon Ice Beast         Ice/Summ       #.......     100%        4    #####..


Dungeon Overview and Level Annotations

Branches:
Dungeon (11/15)            Temple (1/1) D:5            Lair (0/6) D:10
    Orc (0/2) D:9

Altars:
Ashenzari
Cheibriados
Dithmenos
Elyvilon
Fedhas
Gozag
Hepliaklqana
Kikubaaqudgha
Makhleb
Nemelex Xobeh
Okawaru
Qazlal
Ru
Sif Muna
Trog
Uskayaw
Vehumet
Wu Jian
Xom
Yredelemnul
Zin
The Shining One

Shops:
D:5 :   D:8 =   D:9 [   D:10 %

Annotations:
D:5 3 runed translucent doors, Lanoc's ghost, novice DrNe
D:6 1 runed translucent door, grouchysmurf's ghost, novice DDFi
D:7 1 runed translucent door, grouchysmurf's ghost, novice OgTm
D:8 1 runed translucent door, hittemvvvvvvvvvhard's ghost, novice HOAM
D:9 3 runed translucent doors, vurker's ghost, novice FoAK


Innate Abilities, Weirdness & Mutations

You have claws for hands.
You have large cloven feet.
You have a pair of small horns on your head.
Your flesh is cold resistant. (rC+)
A weak demonic guardian rushes to your aid.
You are immune to freezing clouds.


Message History

You block the two-headed ogre's attack.
You barely miss the two-headed ogre. You kick the two-headed ogre.
The two-headed ogre is severely wounded.
The two-headed ogre completely misses you.
The two-headed ogre closely misses you.
Your shield prevents you from hitting the two-headed ogre.
The two-headed ogre is severely wounded.
You block the two-headed ogre's attack. x2
You hit the two-headed ogre but do no damage.
The two-headed ogre looks as sick as possible!
Your kick misses the two-headed ogre. You headbutt the two-headed ogre.
The two-headed ogre is severely wounded.
You block the two-headed ogre's attack. x2
You hit the two-headed ogre. You kick the two-headed ogre.
Your headbutt misses the two-headed ogre.
The two-headed ogre is almost dead.
The two-headed ogre hits you with a cursed -3 giant club!
* * * LOW HITPOINT WARNING * * *
The two-headed ogre hits you with a +0 giant spiked club!!
You die...

#..# #..#
.############..###########
.......[).))..............
.......)..................
.........O........########
###############...########
##############...........
........@O...............
##..#################....
#)### ###############(...
........†..........
...................
....##############. ...
........† . .........


You could see a two-headed ogre.

Vanquished Creatures
  A two-headed ogre (D:11)
  3 hippogriffs
  A wyvern (D:10)
  4 yaks (D:10)
  8 orc warriors
  2 phantoms (D:4)
  A black bear (D:8)
  3 ice beasts
  4 ogres
  6 centaurs
  A crocodile (D:11)
  2 big kobolds
  5 bullfrogs
  A wyvern zombie (D:7)
  A wyvern skeleton (D:10)
  3 scorpions
  2 water moccasin skeletons (D:7)
  3 wights (D:10)
  3 howler monkeys
  A jelly (D:6)
  5 crimson imps
  A centaur zombie (D:10)
  2 quasits
  12 orc priests
  A centaur skeleton (D:8)
  7 hounds
  2 iguanas
  10 orc wizards
  8 worker ants
  2 hound skeletons
  3 hound zombies
  A worker ant zombie (D:8)
  A howler monkey zombie (D:10)
  A howler monkey skeleton (D:8)
  13 adders
  2 shadow imps
  3 oozes
  An adder zombie (D:8)
  2 adder skeletons
  4 worms
  A dart slug (D:2)
  2 leopard geckos
  44 orcs
  8 bats
  10 giant cockroaches
  3 goblins
  9 hobgoblins
  3 quokkas
  3 ball pythons
  6 frilled lizards
  A jackal skeleton (D:6)
  22 kobolds
  A leopard gecko skeleton (D:8)
  A leopard gecko zombie (D:6)
  13 rats
263 creatures vanquished.

Vanquished Creatures (collateral kills)
  A hippogriff (D:8)
  A hungry ghost (D:7)
  An ice beast (D:7)
  2 big kobolds
  A hound (D:7)
  A jelly (D:10)
  An orc (D:9)
  3 kobolds (D:7)
11 creatures vanquished.

Vanquished Creatures (others)
  A withered plant (D:6)
1 creature vanquished.

Grand Total: 275 creatures vanquished

Notes
Turn   | Place    | Note
-------+----------+-------------------------------------------
     0 | D:1      | floatRand the Demonspawn Fighter began the quest for the
                  | Orb.
     0 | D:1      | Reached XP level 1. HP: 18/18 MP: 1/1
   195 | D:1      | Gained mutation: You have large cloven feet. [demonic
                  | ancestry]
   195 | D:1      | Reached XP level 2. HP: 24/24 MP: 2/2
  1026 | D:2      | Gained mutation: You have sharp fingernails. [demonic
                  | ancestry]
  1026 | D:2      | Reached XP level 3. HP: 19/29 MP: 3/3
  1441 | D:2      | Gained mutation: Your flesh is cold resistant. (rC+)
                  | [demonic ancestry]
  1441 | D:2      | Reached XP level 4. HP: 31/35 MP: 4/4
  2201 | D:3      | Gained mutation: You have very sharp fingernails. [demonic
                  | ancestry]
  2201 | D:3      | Reached XP level 5. HP: 41/41 MP: 5/5
  2585 | D:3      | Found a faded altar of an unknown god.
  2605 | D:3      | Noticed an ogre
  2614 | D:3      | Killed an ogre
  2614 | D:3      | Reached skill level 5 in Axes
  2614 | D:3      | Gained mutation: You are immune to freezing clouds.
                  | [demonic ancestry]
  2614 | D:3      | Reached XP level 6. HP: 47/47 MP: 6/6
  3071 | D:4      | Gained mutation: You have a pair of small horns on your
                  | head. [demonic ancestry]
  3071 | D:4      | Reached XP level 7. HP: 47/52 MP: 7/7
  3257 | D:4      | Got a transparent iron ring
  3262 | D:4      | Identified the ring "Ugeutac" {+Inv MR+ rCorr Dex+6 Slay-5}
                  | (You found it on level 4 of the Dungeon)
  3294 | D:4      | Reached skill level 5 in Armour
  3591 | D:4      | Found an ancient bone altar of Kikubaaqudgha.
  3591 | D:4      | Found a blossoming altar of Fedhas.
  3824 | D:5      | Entered Level 5 of the Dungeon
  3958 | D:5      | Found Emouw's Book Emporium.
  3981 | D:5      | Found a staircase to the Ecumenical Temple.
  3995 | Temple   | Entered the Ecumenical Temple
  4130 | D:5      | Reached XP level 8. HP: 58/58 MP: 8/8
  4165 | D:5      | Found a runed translucent gate.
  4165 | D:5      | Found a runed translucent gate.
  4165 | D:5      | Found a runed translucent gate.
  4167 | D:5      | Found an opulent altar of Gozag.
  4697 | D:5      | Found a hide-covered altar of Uskayaw.
  5267 | D:5      | Found an ornate altar of the Wu Jian Council.
  5274 | D:5      | Found a sacrificial altar of Ru.
  5279 | D:5      | Found a white marble altar of Elyvilon.
  5286 | D:5      | Found an opulent altar of Gozag.
  5291 | D:5      | Found a shattered altar of Ashenzari.
  5298 | D:5      | Found a stormy altar of Qazlal.
  5302 | D:5      | Became a worshipper of Qazlal Stormbringer
  5308 | D:5      | Found a radiant altar of Vehumet.
  5452 | D:5      | Noticed Lanoc's ghost (novice DrNe)
  6060 | D:6      | Gained mutation: A weak demonic guardian rushes to your
                  | aid. [demonic ancestry]
  6060 | D:6      | Reached XP level 9. HP: 63/63 MP: 9/9
  6352 | D:6      | Found a runed translucent door.
  6352 | D:6      | Noticed grouchysmurf's ghost (novice DDFi)
  6542 | D:7      | Reached * piety under Qazlal
  6542 | D:7      | Reached skill level 1 in Invocations
  6547 | D:7      | Reached skill level 2 in Invocations
  6572 | D:7      | Reached skill level 3 in Invocations
  6582 | D:7      | Reached skill level 4 in Invocations
  6614 | D:7      | Found a runed translucent door.
  6614 | D:7      | Noticed grouchysmurf's ghost (novice OgTm)
  6709 | D:7      | Reached skill level 5 in Invocations
  6727 | D:7      | Reached skill level 6 in Invocations
  7117 | D:7      | Found a glowing silver altar of Zin.
  7117 | D:7      | Found a burning altar of Makhleb.
  7118 | D:7      | Noticed an Executioner
  7118 | D:7      | Noticed an angel
  7201 | D:8      | Found a hazy altar of Hepliaklqana.
  7212 | D:8      | Reached skill level 7 in Invocations
  7256 | D:8      | Reached skill level 8 in Invocations
  7360 | D:8      | Reached skill level 9 in Invocations
  7404 | D:8      | Found Raor's Jewellery Emporium.
  7793 | D:8      | Found a runed translucent door.
  7793 | D:8      | Noticed hittemvvvvvvvvvhard's ghost (novice HOAM)
  7864 | D:9      | Gained mutation: You have claws for hands. [demonic
                  | ancestry]
  7864 | D:9      | Reached XP level 10. HP: 63/70 MP: 17/17
  8034 | D:9      | Reached skill level 10 in Invocations
  8217 | D:8      | Reached ** piety under Qazlal
  8540 | D:9      | Found a runed translucent gate.
  8570 | D:9      | Found a runed translucent gate.
  8572 | D:9      | Noticed vurker's ghost (novice FoAK)
  8583 | D:9      | Noticed a spectral centaur warrior
  8649 | D:9      | Found a runed translucent gate.
  8701 | D:9      | Found a staircase to the Orcish Mines.
  8730 | D:9      | Reached skill level 11 in Invocations
  8977 | D:9      | Found Ohamod's Armour Shop.
  9245 | D:10     | Entered Level 10 of the Dungeon
  9290 | D:10     | Found a staircase to the Lair.
  9597 | D:10     | Reached skill level 12 in Invocations
 10447 | D:10     | Found Buritap's Food Shop.
 10555 | D:10     | Reached skill level 13 in Invocations
 11078 | D:11     | Noticed a two-headed ogre
 11106 | D:11     | Killed a two-headed ogre
 11106 | D:11     | Reached *** piety under Qazlal
 11106 | D:11     | Reached skill level 14 in Invocations
 11388 | D:11     | Noticed a two-headed ogre
 11419 | D:11     | Mangled by a two-headed ogre

Levels and vault maps discovered:
D:1:      dpeg_arrival_refuge, layout_basic
D:2:      layout_loops_cross, first_ration, minmay_circle_x
D:3:      layout_loops_ring, chequers_ecumenical_altar_simple
D:4:      layout_cave_pools, grunt_temple_overflow_growth_and_decay
D:5:      layout_basic, eat_drink_and_be_merry_uskayaw,
          grunt_temple_overflow_octagram, minmay_temple_entry_wispy,
          serial_shops, shop, ebering_ghost_gozag,
          corexii_item_surrounded_by_moat, minivault_11
D:6:      layout_gridville, gammafunk_ghost_grave
D:7:      layout_rooms, grunt_temple_overflow_order_and_chaos_2,
          ebering_ghost_inner_flame, serial_glass, glass_columns_a,
          glass_columns_a, glass_columns_b, glass_columns_c, glass_columns_b,
          glass_columns_a, glass_columns_a, glass_columns_a
D:8:      layout_gridville, overflow_temple_1_default, serial_shops, shop,
          ebering_ghost_reflecting_pool
D:9:      layout_long_grid, orc_david_3, gammafunk_ghost_necromancy,
          chequers_garden
D:10:     layout_loops_corners, lair_entry_dummy, serial_shops, shop
D:11:     layout_long_grid, uniq_urug
Temple:   nicolae_temple_figure_zero

Skill      XL: |  1  2  3  4  5  6  7  8  9 10 |
---------------+-------------------------------+-----
Axes           | 2 3 4 5 7 9 |  9.3
Armour         | 3 4 5 6 7 |  7.0
Invocations    | 9 14 | 14.2
Fighting       | |  3.0
Shields        | |  2.6

Action                   |  1- 3 |  4- 6 |  7- 9 | 10-12 || total
-------------------------+-------+-------+-------+-------++-------
Melee: War axe           |    47 |       |       |       ||    47
       Dagger            |    63 |   172 |   438 |   318 ||   991
       Kick              |    19 |    48 |   175 |   118 ||   360
       Headbutt          |       |       |    97 |    71 ||   168
Invok: Upheaval          |       |       |       |     1 ||     1
  Use: Scroll            |       |     8 |     5 |     4 ||    17
 Stab: Distracted        |       |       |     1 |     4 ||     5
  Eat: Chunk             |     2 |     5 |    37 |    12 ||    56
Armor: Scale mail        |    26 |       |       |       ||    26
       Ring mail         |    32 |    71 |   196 |   124 ||   423
Dodge: Dodged            |    44 |    54 |   144 |    82 ||   324
Block: Shield            |    57 |    66 |   225 |   198 ||   546

Table legend:
 A = Non-vault XP
 B = Vault XP
 C = Vault XP percentage of total XP
 D = Non-vault monster count
 E = Vault monster count
 F = Vault count percentage of total count
                 A         B        C        D         E       F
            +---------+---------+-------+---------+---------+-------
      Total |    9612 |     548 |   5.4 |     258 |      16 |   5.8
            +---------+---------+-------+---------+---------+-------
        D:1 |      36 |       0 |   0.0 |      23 |       0 |   0.0
        D:2 |      96 |      12 |  11.1 |      22 |       7 |  24.1
        D:3 |     295 |       0 |   0.0 |      29 |       0 |   0.0
        D:4 |     763 |       0 |   0.0 |      25 |       0 |   0.0
        D:5 |     776 |       0 |   0.0 |      22 |       0 |   0.0
        D:6 |    1176 |       0 |   0.0 |      30 |       0 |   0.0
        D:7 |    1133 |       0 |   0.0 |      23 |       0 |   0.0
        D:8 |    1463 |       0 |   0.0 |      25 |       0 |   0.0
        D:9 |     538 |     536 |  49.9 |      13 |       9 |  40.9
       D:10 |    1963 |       0 |   0.0 |      30 |       0 |   0.0
       D:11 |    1373 |       0 |   0.0 |      16 |       0 |   0.0
            +---------+---------+-------+---------+---------+-------
